 Dungeon Crawl Stone Soup version 0.31.0-12-g77e489cdc1 (webtiles) character file.

Game seed: 5868328945806507953

19 lordive the Conjurer (level 2, -1/5 (22) HPs)
             Began as a Demonspawn Reaver on Mar 2, 2024.
             Slain by a kobold
             ... wielding a +0 whip
              (4 damage)
             ... on level 1 of the Dungeon.
             The game lasted 00:00:54 (357 turns).

lordive the Conjurer (Demonspawn Reaver)             Turns: 357, Time: 00:00:54

HP:   -1/5 (22)     AC:  3    Str: 12    XL:     2   Next: 55%
MP:   5/5           EV: 11    Int: 13    God:
Gold: 28            SH:  0    Dex: 11    Spells: 4/5 levels left

rFire   . . .        a - +0 short sword
rCold   . . .        (no shield)
rNeg    . . .        b - +0 leather armour
rPois   .            (no helmet)
rElec   .            (no cloak)
rCorr   .            (no gloves)
SInv    .            (no boots)
Will    .....        (no amulet)
Stlth   +            (no ring)
HPRegen 0.20/turn    (no ring)
MPRegen 0.09/turn

%: no passive effects
@: extremely drained
A: demonic magic 1
a: no special abilities


You were on level 1 of the Dungeon.
You visited 1 branch of the dungeon, and saw 1 of its levels.

You collected 28 gold pieces.

Inventory:

Hand Weapons
 a - a +0 short sword (weapon)
Armour
 b - a +0 leather armour (worn)
Jewellery
 f - a +6 ring of dexterity
Scrolls
 d - a scroll of enchant armour {unknown}
 e - a scroll of vulnerability {unknown}
Potions
 c - a potion of heal wounds {unknown}
 g - a potion of enlightenment {unknown}


   Skills:
 + Level 2.2 Fighting
 + Level 3.1 Short Blades
 + Level 0.3 Armour
 + Level 1.8 Dodging
 + Level 2.0 Spellcasting
 + Level 3.1 Conjurations


You had 4 spell levels left.
You knew the following spells:

 Your Spells              Type           Power      Damage    Failure   Level
a - Kiss of Death         Conj/Necr      20%        2d7       17%         1

Your spell library contained the following spells:

 Spells                   Type           Power      Damage    Failure   Level
 Momentum Strike          Conj/Tloc      10%        3d8       26%         2
 Hailstorm                Conj/Ice       5%         3d5       45%         3


Dungeon Overview and Level Annotations

Branches:
Dungeon (1/15)

Altars:


Innate Abilities, Weirdness & Mutations

Spells you cast may paralyse adjacent enemies.


Message History

You are too injured to fight recklessly!
You are too injured to fight recklessly!
You are too injured to fight recklessly!
You are too injured to fight recklessly!
You are too injured to fight recklessly!
You are too injured to fight recklessly!
You are too injured to fight recklessly!
Casting: Kiss of Death (safe; 17% risk of failure)
Confirm with . or Enter, or press ? or * to list all spells.
Aiming: Kiss of Death (safe; 17% risk of failure)
Press: ? - help, Shift-Dir - straight line, f - hobgoblin
Aim: a hobgoblin (severely wounded, 100% to hit)
The negative energy hits the hobgoblin.
The hobgoblin is drained!
You kill the hobgoblin!
You feel drained. Malevolent energies surge around you.
g - a sedimented yellow potion You see here a hobgoblin corpse.
Found 8 stones.
You see here 8 stones. 2 kobolds come into view.
The kobold shouts! x2
The kobold throws a stone.
The stone hits you but does no damage.
There are monsters nearby!
There are monsters nearby!
There are monsters nearby!
You hit the kobold.
You kill the kobold!
The kobold barely misses you.
Things that are here:
a +0 short sword; 5 stones; a kobold corpse You hit the kobold.
The kobold is moderately wounded.
You hit the kobold but do no damage.
The kobold is moderately wounded.
The kobold hits you with a +0 whip.
You completely miss the kobold.
The kobold is moderately wounded.
The kobold hits you with a +0 whip.
Ouch! That really hurt!
You die...

#.#####.########
##### #.# #.# #.#
## ###.# #. #
#...# #. #.###.###
#. ##.......### #.
#.....@....# #.
#.####K#.#.# #. #
#.#.# # #######.
#.#.# #[......
#.#.#.#####.#####.
............#####.
........[.........
......#####..#####
....####>.#####


You could see a kobold.

Vanquished Creatures
  A ball python (D:1)
  2 endoplasms (D:1)
  A goblin (D:1)
  3 hobgoblins (D:1)
  3 jackals (D:1)
  2 kobolds (D:1)
  A quokka (D:1)
  2 bats (D:1)
  A rat (D:1)
16 creatures vanquished.

Notes
Turn   | Place    | Note
-------+----------+-------------------------------------------
     0 | D:1      | lordive the Demonspawn Reaver began the quest for the Orb.
     0 | D:1      | Reached XP level 1. HP: 16/16 MP: 3/3
   151 | D:1      | Gained mutation: Spells you cast may paralyse adjacent
                  | enemies. [demonic ancestry]
   151 | D:1      | Reached XP level 2. HP: 10/11 MP: 5/5
   357 | D:1      | Slain by a kobold

Illustrated notes

Levels and vault maps discovered:
D:1:      ncdulo_lavacross, layout_loops_ring

Skill      XL: |  1 |
---------------+----+-----
Short Blades   | 3 |  3.1
Fighting       | |  2.2
Armour         | |  0.3
Dodging        | |  1.8
Spellcasting   | |  2.0
Conjurations   | |  3.1

Action                     || total
---------------------------++-------
  Melee: Short sword       ||    67
   Cast: Kiss of Death     ||     6
 Armour: Leather armour    ||    33
  Dodge: Dodged            ||    53
